 Dungeon Crawl Stone Soup version 0.18.1-8-gdd0e5ea (webtiles) character file.

1615 shizyaka the Ducker (level 8, -11/71 HPs)
             Began as a Minotaur Gladiator on May 21, 2016.
             Mangled by a white ugly thing (12 damage)
             ... on level 6 of the Dungeon.
             The game lasted 00:09:58 (5273 turns).

shizyaka the Ducker (Minotaur Gladiator)            Turns: 5273, Time: 00:09:58

Health: -11/71     AC:  5    Str: 20    XL:     8   Next: 64%
Magic:  7/7        EV: 15    Int:  5    God:
Gold:   362        SH:  0    Dex: 13    Spells: 0 memorised, 7 levels left

rFire  . . .     SeeInvis .     s - +3 whip (venom)
rCold  . . .     Gourm    .     b - +0 leather armour
rNeg   . . .     Faith    .     (no shield)
rPois  .         Spirit   .     c - +0 hat
rElec  .         Dismiss  .     (no cloak)
rCorr  .         Reflect  .     u - +0 pair of gloves
SustAt .         Harm     .     (no boots)
MR     .....                    (no amulet)
Stlth  +.........               (no ring)
                                (no ring)

@: not resistant to hostile enchantments, very unstealthy
A: retaliatory headbutt, horns 2
a: no special abilities


You were on level 6 of the Dungeon.
You were not hungry.

You visited 1 branch of the dungeon, and saw 7 of its levels.

You collected 362 gold pieces.

Inventory:

Hand Weapons
 a - a +0 flail
 s - a +3 whip of venom (weapon)
Missiles
 d - 3 throwing nets (quivered)
Armour
 b - a +0 leather armour (worn)
 c - a +0 hat (worn)
 u - a +0 pair of gloves (worn)
Jewellery
 l - an uncursed ring of protection from magic {unknown}
 p - a cursed amulet of inaccuracy {unknown}
 y - the ring "Vyasm" {SustAt Dex+6, unknown}
   (You found it on level 6 of the Dungeon)

   [ring of sustain attributes]

   It sustains your strength, intelligence and dexterity.
   It affects your dexterity (+6).
Wands
 v - a wand of random effects (10/48)
 z - a wand of slowing (23/48)
Scrolls
 h - a scroll of noise {unknown}
 j - a scroll of recharging {unknown}
 m - a scroll of torment {unknown}
 n - 3 scrolls of identify {unknown}
 o - a scroll of magic mapping {unknown}
 r - 4 scrolls of teleportation {unknown}
 t - a scroll of amnesia {unknown}
 w - 2 scrolls of remove curse {unknown}
Potions
 e - 4 potions of heal wounds {unknown}
 g - 4 potions of might
 k - 3 potions of lignification {unknown}
 q - 3 potions of agility {unknown}
 x - a potion of flight {unknown}
Comestibles
 f - 5 bread rations
 i - 3 meat rations


   Skills:
 + Level 6.6 Fighting
 + Level 7.0 Maces & Flails
 + Level 2.2 Throwing
 + Level 5.6 Armour
 + Level 7.7 Dodging
 - Level 1.0 Stealth


You had 7 spell levels left.
You didn't know any spells.

Dungeon Overview and Level Annotations

Branches:
Dungeon (7/15)
 Temple: D:4-7

Altars:
Cheibriados
Gozag
Kikubaaqudgha
Ru
Trog
Zin
The Shining One


Innate Abilities, Weirdness & Mutations

You reflexively headbutt those who attack you in melee.
You have a pair of horns on your head.


Message History

You furiously retaliate!
You headbutt the white ugly thing, but do no damage.
You hit the white ugly thing.
Your headbutt misses the white ugly thing.
The white ugly thing is moderately wounded.
The white ugly thing closely misses you.
You furiously retaliate!
You headbutt the white ugly thing.
You see here a club.
There is a stone staircase leading down here.
The white ugly thing looks more healthy.
The white ugly thing trunk-slaps you! The white ugly thing freezes you!!
* * * LOW HITPOINT WARNING * * *
You hit the white ugly thing but do no damage.
The white ugly thing is poisoned.
The white ugly thing is moderately wounded.
The white ugly thing closely misses you.
The white ugly thing trunk-slaps you!
* * * LOW HITPOINT WARNING * * *
The white ugly thing freezes you!
You die...

##.########.#######
#..................
##.##.......####.##
#.##.#####.##..... #.##.#
#.#...... #<##.# ##.#......
#.##.# #......_.. #.##.#
#..#...... ################@##.#
#..#....(. ................u...#
#..##..... ....................#
#..####.## ....................#
#.........
########............####..##..###
......(...........#.............#
################..#####......##.#
.....#............# #...#####.#
...#.#.########...#####...### #.#


You could see a white ugly thing.

Vanquished Creatures
  Eustachio (D:6)
  Edmund (D:5)
  A hippogriff (D:7)
  Duvessa (D:6)
  A sky beast (D:6)
  An ogre (D:4)
  A scorpion (D:5)
  Dowan (D:6)
  5 howler monkeys
  A crimson imp (D:5)
  5 hounds
  A quasit (D:6)
  A giant frog zombie (D:6)
  A jelly (D:6)
  4 orc wizards (D:6)
  A giant frog skeleton (D:6)
  A centaur skeleton (D:4)
  A worker ant (D:6)
  A hound skeleton (D:4)
  A howler monkey zombie (D:5)
  2 worker ant zombies
  4 adders
  3 shadow imps (D:6)
  An adder skeleton (D:4)
  2 adder zombies
  2 worms (D:2)
  4 dart slugs
  3 giant geckos
  16 orcs
  7 bats
  A bat zombie (D:3)
  3 giant cockroaches
  6 goblins
  3 hobgoblins (D:2)
  2 jackals (D:4)
  A giant gecko zombie (D:6)
  2 giant newts
  13 kobolds
  A quokka zombie (D:6)
  9 rats
116 creatures vanquished.

Notes
Turn   | Place    | Note
--------------------------------------------------------------
     0 | D:1      | shizyaka the Minotaur Gladiator began the quest for the Orb.
     0 | D:1      | Reached XP level 1. HP: 18/18 MP: 0/0
   114 | D:1      | Reached XP level 2. HP: 16/25 MP: 1/1
   577 | D:1      | Reached skill level 1 in Armour
   846 | D:2      | Reached XP level 3. HP: 30/30 MP: 2/2
  1547 | D:3      | Reached XP level 4. HP: 37/37 MP: 3/3
  1561 | D:3      | Found an ancient bone altar of Kikubaaqudgha.
  1617 | D:3      | Found an opulent altar of Gozag.
  2006 | D:4      | Reached XP level 5. HP: 36/45 MP: 4/4
  2027 | D:4      | Noticed an ogre
  2043 | D:4      | Killed an ogre
  2043 | D:4      | Reached skill level 5 in Dodging
  2097 | D:4      | Reached XP level 6. HP: 44/52 MP: 5/5
  2329 | D:5      | Entered Level 5 of the Dungeon
  2363 | D:5      | Found a sacrificial altar of Ru.
  2368 | D:5      | Found a snail-covered altar of Cheibriados.
  2959 | D:6      | Found a glowing silver altar of Zin.
  3422 | D:6      | Reached XP level 7. HP: 54/60 MP: 6/6
  3480 | D:6      | Reached skill level 1 in Stealth
  3523 | D:6      | Got a translucent steel ring
  3665 | D:6      | Noticed Dowan
  3666 | D:6      | Noticed Duvessa
  3667 | D:6      | Noticed Edmund
  3675 | D:6      | Killed Dowan
  3675 | D:6      | Reached skill level 5 in Maces & Flails
  3699 | D:6      | Reached skill level 5 in Fighting
  3712 | D:5      | Killed Edmund
  3883 | D:6      | Killed Duvessa
  3968 | D:6      | Reached skill level 5 in Armour
  4015 | D:6      | Noticed Eustachio
  4029 | D:6      | Killed Eustachio
  4029 | D:6      | Reached XP level 8. HP: 63/70 MP: 7/7
  4185 | D:6      | Found a bloodstained altar of Trog.
  4253 | D:6      | Found a glowing golden altar of the Shining One.
  5246 | D:6      | Noticed a white ugly thing
  5273 | D:6      | HP: 1/71 [white ugly thing (12)]
  5273 | D:6      | Mangled by a white ugly thing

Skill      XL: |  1  2  3  4  5  6  7  8 |
---------------+-------------------------+-----
Maces & Flails | 4 5 7 |  7.0
Armour         | 1 2 3 4 5 |  5.6
Dodging        | 4 5 6 7 |  7.7
Fighting       | 3 4 5 6 |  6.6
Stealth        | 1 |  1.0
Throwing       | |  2.2

Action                   |  1- 3 |  4- 6 |  7- 9 || total
-------------------------+-------+-------+-------++-------
Melee: Flail             |    93 |       |       ||    93
       Headbutt          |    14 |    19 |    25 ||    58
       Whip              |     2 |    92 |   128 ||   222
  Eat: Chunk             |     2 |     4 |     6 ||    12
       Beef jerky        |       |     1 |       ||     1
Armor: Leather armour    |    20 |    10 |    30 ||    60
Dodge: Dodged            |    64 |    44 |   112 ||   220
